 Dungeon Crawl Stone Soup version 0.32-a0-975-g85d4e5bfdb (webtiles) character file.

Game seed: 5389538717115968429

35 PriceMaster the Grave Robber (level 3, -1/37 HPs)
             Began as a Demonspawn Necromancer on Apr 19, 2024.
             Slain by Terence
             ... wielding a +0 trident
              (3 damage)
             ... on level 2 of the Dungeon.
             The game lasted 00:01:33 (1187 turns).

PriceMaster the Grave Robber (DsNe)                 Turns: 1187, Time: 00:01:34

Health: -1/37      AC: 21    Str: 10    XL:     3   Next: 17%
Magic:  1/6        EV:  2    Int: 15    God:
Gold:   116        SH:  0    Dex: 13    Spells: 5/6 levels left

rFire   . . .        c - +0 spear
rCold   . . .        l - orb {mayhem}
rNeg    . . .        a - melded +0 robe
rPois   +            (helmet currently unavailable)
rElec   .            (cloak currently unavailable)
rCorr   .            (gloves currently unavailable)
SInv    .            (boots currently unavailable)
Will    .....        (no amulet)
Stlth   ++           (no ring)
HPRegen 0.26/turn    (no ring)
MPRegen 0.10/turn

%: mayhem
@: tree-form
A: stationary, stasis, torment immunity, boosted hp, (icy blue scales 1),
demonic magic 1
a: no special abilities


You were on level 2 of the Dungeon.
You were a tree.
You visited 1 branch of the dungeon, and saw 2 of its levels.

You collected 116 gold pieces.

Inventory:

Hand Weapons
 c - a +0 spear (weapon)
 k - a +1 short sword of speed
Armour
 a - a +0 robe (melded)
 l - an orb of mayhem (worn)
Scrolls
 d - 2 scrolls of identify {unknown}
 e - a scroll of immolation {unknown}
 f - a scroll of enchant weapon {unknown}
 g - a scroll of teleportation {unknown}
 h - a scroll of summoning {unknown}
 i - a scroll of acquirement {unknown}
Potions
 b - a potion of magic
 j - a potion of lignification


   Skills:
 + Level 0.3 Fighting
 + Level 0.2 Polearms
 + Level 1.9 Dodging
 + Level 2.2 Stealth
 + Level 2.3 Spellcasting
 + Level 4.9 Necromancy


You had 5 spell levels left.
You knew the following spells:

 Your Spells              Type           Power      Damage    Failure   Level
a - Necrotise             Necr           64%        1d7       2%          1

Your spell library contained the following spells:

 Spells                   Type           Power      Damage    Failure   Level
 Vampiric Draining        Necr           16%        2d7       9%          3
 Animate Dead             Necr           16%        N/A       28%         4
 Curse of Agony           Necr           16%        N/A       61%         5


Dungeon Overview and Level Annotations

Branches:
Dungeon (2/15)

Altars:
Nemelex Xobeh

Annotations:
D:2 Terence


Innate Abilities, Weirdness & Mutations

You are a tree.
Your roots penetrate the ground, keeping you stationary.
You cannot be teleported.
You are immune to unholy pain and torment.
Your maximum health is greatly increased.
Your equipment is partially melded.
((You are partially covered in icy blue scales. (AC +2)))
Spells you cast may paralyse adjacent enemies.


Message History

You are too injured to fight recklessly!
You are too injured to fight recklessly!
Okay, then.
Terence attacks as he pursues you!
Terence hits you from afar with a +0 trident.
* * * LOW HITPOINT WARNING * * *
Your magical contamination has completely faded away.
Terence attacks as he pursues you!
Terence hits you from afar with a +0 trident.
* * * LOW HITPOINT WARNING * * *
It was a potion of lignification.
You turn into a tree.
Your +0 robe melds into your body.
Your roots penetrate the ground.
Terence hits you from afar with a +0 trident.
* * * LOW HITPOINT WARNING * * *
Casting: Necrotise (safe; 2% risk of failure)
Confirm with . or Enter, or press ? or * to list all spells.
Aiming: Necrotise (safe; 2% risk of failure)
Press: ? - help, Shift-Dir - straight line, f/p - Terence
Aim: Terence, wielding a +0 trident and wearing a +0 chain mail (moderately wounded, chance to affect: 80%) Terence barely resists.
Malevolent energies surge around you.
Terence hits you from afar with a +0 trident!
* * * LOW HITPOINT WARNING * * *
You are too injured to fight recklessly!
Casting: Necrotise (safe; 2% risk of failure)
Confirm with . or Enter, or press ? or * to list all spells.
Aiming: Necrotise (safe; 2% risk of failure)
Press: ? - help, Shift-Dir - straight line, f/p - Terence
Aim: Terence, wielding a +0 trident and wearing a +0 chain mail (moderately wounded, chance to affect: 80%) Terence writhes in agony.
Malevolent energies surge around you. Terence hits you but does no damage.
Unknown command.
Casting: Necrotise (safe; 2% risk of failure)
Confirm with . or Enter, or press ? or * to list all spells.
Aiming: Necrotise (safe; 2% risk of failure)
Press: ? - help, Shift-Dir - straight line, f/p - Terence
Aim: Terence, wielding a +0 trident and wearing a +0 chain mail (heavily wounded, chance to affect: 80%) Terence barely resists.
Malevolent energies surge around you.
Terence hits you from afar with a +0 trident.
You die...
Terence says, "Time to find some more victims."

#.# #............ ..
#.##### #..........#. #.
#.....# #..........##.##.
#####.# #................
####.####................
#.........##.....########
#.....@...+......# #
#.........##....## #
#.......♣.##....# #
...........##....### #...
#...........#.......#
#...
#...........#.......#
#...
###.........#.......#
#... #.........#.......#
#... #........^#.......#
#... ##########.......#
#... #.......# #...


You could see Terence.

Vanquished Creatures
  A dart slug (D:2)
  2 endoplasms (D:1)
  A giant cockroach (D:1)
  2 goblins (D:1)
  A hobgoblin (D:1)
  4 quokkas
  5 ball pythons
  3 bats
  A frilled lizard (D:1)
  3 kobolds
  4 rats
27 creatures vanquished.

Vanquished Creatures (collateral kills)
  A dart slug (D:1)
  A goblin (D:1)
  A kobold (D:2)
3 creatures vanquished.

Grand Total: 30 creatures vanquished

Notes
Turn   | Place    | Note
-------+----------+-------------------------------------------
     0 | D:1      | PriceMaster the Demonspawn Necromancer began the quest for
                  | the Orb.
     0 | D:1      | Reached XP level 1. HP: 13/13 MP: 3/3
   115 | D:1      | Gained mutation: Spells you cast may paralyse adjacent
                  | enemies. [demonic ancestry]
   115 | D:1      | Reached XP level 2. HP: 14/19 MP: 0/5
   964 | D:2      | Found a sparkling altar of Nemelex Xobeh.
   986 | D:2      | Gained mutation: You are partially covered in icy blue
                  | scales. (AC +2) [demonic ancestry]
   986 | D:2      | Reached XP level 3. HP: 21/24 MP: 1/6
  1166 | D:2      | Noticed Terence
  1187 | D:2      | Slain by Terence

Illustrated notes

Levels and vault maps discovered:
D:1:      sevenhm_arrival_forest_fort_small_3, layout_basic,
          minmay_tiny_reverse_x
D:2:      layout_basic, basic_altar, ebering_ecumenical_altar_box, uniq_terence

Skill      XL: |  1 |
---------------+----+-----
Stealth        | 2 |  2.2
Fighting       | |  0.3
Polearms       | |  0.2
Dodging        | |  1.9
Spellcasting   | |  2.3
Necromancy     | |  4.9

Action                     || total
---------------------------++-------
  Melee: Unarmed           ||     5
         Spear             ||    31
   Cast: Necrotise         ||    38
    Use: Potion            ||     1
   Stab: Distracted        ||     1
         Paralysed         ||     6
 Armour: Robe              ||    30
         Skin              ||     4
  Dodge: Dodged            ||    21

Table legend: (Time is in decaauts)
 A = Elapsed time spent in this place.
 B = Non-inter-level travel time spent in this place.
 C = Inter-level travel time spent in this place.
 D = Time resting spent in this place.
 E = Time spent auto-exploring this place.
 F = Levels seen in this place.
 G = Mean time per level.
                   A        B        C        D        E       F      G
               +--------+--------+--------+--------+--------+-----+--------+
         Total |   1189 |   1184 |      5 |      0 |    987 |   2 |  594.5 |
       Dungeon |   1189 |   1184 |      5 |      0 |    987 |   2 |  594.5 |
               +--------+--------+--------+--------+--------+-----+--------+

Top non-repeatable levels by time:
     D:1: 839 daAuts
     D:2: 350 daAuts
